 Dungeon Crawl Stone Soup version 0.29-a0-334-gb41bcbb86e (webtiles) character file.

Game seed: 2064497717979261462

11 spaghetti the Sneak (level 2, 0/21 HPs)
             Began as an Octopode Delver on Apr 13, 2022.
             Slain by an orc wizard
             ... wielding a +0 dagger
              (1 damage)
             ... on level 4 of the Dungeon.
             The game lasted 00:00:32 (388 turns).

spaghetti the Sneak (Octopode Delver)                Turns: 388, Time: 00:00:33

Health: 0/21       AC:  1    Str: 11    XL:     2   Next: 25%
Magic:  2/2        EV: 13    Int: 12    God:
Gold:   19         SH:  0    Dex: 13    Spells: 1/1 levels left

rFire   . . .      SeeInvis .   i - +0 rapier {short}
rCold   . . .      Faith    .   (no shield)
rNeg    . . .      Spirit   .   (helmet restricted)
rPois   .          Reflect  .   (no amulet)
rElec   .          Harm     .   (no ring)
rCorr   .          Rampage  .   (no ring)
Will    .....                   (no ring)
Stlth   ++++......              (no ring)
HPRegen 0.07/turn               (no ring)
MPRegen 0.08/turn               (no ring)
                                (no ring)
                                (no ring)

@: no status effects
A: almost no armour, amphibious, 8 rings, camouflage 1, gelatinous body 1,
(nimble swimmer 1), tentacles
a: no special abilities


You were on level 4 of the Dungeon.
You visited 1 branch of the dungeon, and saw 2 of its levels.

You collected 19 gold pieces.


Innate Abilities, Weirdness & Mutations

You cannot wear most types of armour.
You are amphibious.
You can wear up to eight rings at the same time.
Your skin changes colour to match your surroundings (Stealth+).
Your rubbery body absorbs attacks. (AC +1, EV +1)
((You are camouflaged when in or above water. (Stealth+)))
You have tentacles for arms and can constrict up to eight enemies at once.


   Skills:
 - Level 3.0 Fighting
 - Level 2.0 Short Blades
 - Level 2.0 Dodging
 + Level 7.3 Stealth


You had one spell level left.
You didn't know any spells.
Your spell library was empty.

Inventory:

Hand Weapons
 a - a +0 short sword {short}
 i - a +0 rapier (weapon) {short}
   (You found it on level 4 of the Dungeon)
Missiles
 g - 18 stones (quivered) {throwing}
Wands
 f - a wand of digging (3)
Scrolls
 b - a scroll of fog
 c - a scroll of magic mapping {!r}
 d - a scroll of fear
Potions
 e - a potion of haste {@q3}
 h - 2 potions of curing {unknown}

Dungeon Overview and Level Annotations

Branches:
Dungeon (5/15)
 Temple: D:4-7

Altars:

######## #
#......############ #
#......#...!......# #
#......#..........# #
#......#.......o..# #
#......#..........#
######......#...##.....#
.....#......#.o{##.....#
.....#......'..S@#.....#
.....#......#...##+#####
##...#......#...#.......#
.#...#......#...#.......#
.#####......#...#.......#
............#...+.......#
[...........#...#.......#
............#...#.......#
............#...#.......#


You could see an adder and an orc.


Message History

A hobgoblin is nearby!
A hobgoblin is nearby!
The hobgoblin shouts!
There is a stone staircase leading up here.
The hobgoblin hits you. 😕 HP[-3]
You take 3 damage, and now have 18/21 hp.
You completely miss the hobgoblin. Your grab misses the hobgoblin.
The hobgoblin closely misses you.
You barely miss the hobgoblin. Your grab misses the hobgoblin.
The hobgoblin hits you. 😮 HP[-5]
You take 5 damage, and now have 13/21 hp.
MASSIVE DAMAGE!! (PAUSE)
You barely miss the hobgoblin. Your grab misses the hobgoblin.
The hobgoblin hits you. 😮 HP[-2]
You take 2 damage, and now have 11/21 hp.
You closely miss the hobgoblin. You grab the hobgoblin.
You squeeze the hobgoblin.
You kill the hobgoblin!
You start resting. 😎 HP[+10]
Your hp is fully restored (21).
You now have 11 gold pieces.
You now have 19 gold pieces (gained 8).
There is a stone staircase leading up here.
Key pressed, stopping explore.
Key pressed, stopping explore.
As you open the door, it creaks loudly!
There is an open door here.
You open the door.
There is an open door here.
You open the door.
There is an open door here.
Found a runed orb.
h - 2 fuming yellow potions You see here an orb of mayhem.
Search for what [? for help]?
Okay, then.
Search for what [? for help]? .
You open the door.
There is an open door here.
You see here a +0 rapier {short}.
i - a +0 rapier {short}
i - a +0 rapier (weapon)
{short} You open the door.
There is an open door here.
Key pressed, stopping explore.
There is an open door here.
Key pressed, stopping explore.
You open the door.
There is an open door here.
An orc wizard comes into view. It is wielding a +0 dagger.
An orc wizard is nearby!
An orc wizard and 2 orcs come into view.
An orc is wielding a +0 dagger of electrocution.
An adder comes into view.
The orc shouts!
The orc wizard shouts!
The orc wizard mumbles some strange words.
The orc wizard flickers and vanishes!
Deactivating autopickup; reactivate with Ctrl-A.
Something tries to affect you, but you resist.
The orc wizard shouts!
The adder hisses angrily.
There are monsters nearby!
You hit the orc. Your grab misses the orc. The orc hits you but does no damage.
You barely miss the orc. Your grab misses the orc. The orc closely misses you.
The adder closely misses you.
You barely miss the orc. Your grab misses the orc. Your squeeze misses the orc.
The orc wizard casts a spell.
The orc wizard flickers and vanishes!
The orc hits you with a +0 whip. The adder bites you. 😕 HP[-5]
You take 5 damage, and now have 16/21 hp.
MASSIVE DAMAGE!! (PAUSE)
You hit the orc.
You kill the orc!
The adder closely misses you. x2
You barely miss the orc. Your grab misses the orc.
The orc hits you with a +0 dagger of electrocution.
The adder bites you. Something hits you. 😮 HP[-5]
You take 5 damage, and now have 11/21 hp.
MASSIVE DAMAGE!! (PAUSE)
You barely miss the adder. You grab the adder. You constrict the adder.
The adder closely misses you.
You hear some strange, mumbled words.
A magic dart appears from out of thin air!
The magic dart hits you.
* * * LOW HITPOINT WARNING * * *
Something hits you.
* * * LOW HITPOINT WARNING * * *
😱 HP[-7]
You take 7 damage, and now have 4/21 hp.
MASSIVE DAMAGE!! (PAUSE)
You hit the adder. You constrict the adder. The adder bites you.
* * * LOW HITPOINT WARNING * * *
The adder bites you but does no damage. Something hits you.
You die...

Skill      XL: |  1 |
---------------+----+-----
Stealth        | 7 |  7.3
Fighting       | |  3.0
Short Blades   | |  2.0
Dodging        | |  2.0

Action                   || total
-------------------------++-------
Melee: Short sword       ||     5
       Rapier            ||     7
       Constrict         ||     2
       Tentacles         ||     1
 Stab: Sleeping          ||     1
Armor: Skin              ||     2
Dodge: Dodged            ||     6

Levels and vault maps discovered:
D:4:      layout_gridville, minmay_temple_entry_junction_2,
          hangedman_abyss_or_decor_stagger, uniq_eustachio
D:5:      layout_layer_cave

Notes
Turn   | Place    | Note
-------+----------+-------------------------------------------
     0 | D:5      | spaghetti the Octopode Delver began the quest for the Orb.
     0 | D:5      | Reached XP level 1. HP: 16/16 MP: 1/1
     0 | D:5      | magus.rc [v1.9.6]
    21 | D:5      | Reached skill level 7 in Stealth
    21 | D:5      | Reached XP level 2. HP: 21/21 MP: 2/2
   387 | D:4      | HP: 4/21 [something (3)]
   388 | D:4      | HP: 1/21 [adder (3)]
   388 | D:4      | Slain by an orc wizard

Vanquished Creatures
  A white imp (D:5)
  An orc (D:4)
  A hobgoblin (D:4)
3 creatures vanquished.

Table legend:
 A = Non-vault XP
 B = Vault XP
 C = Vault XP percentage of total XP
 D = Non-vault monster count
 E = Vault monster count
 F = Vault count percentage of total count
                 A         B        C        D         E       F
            +---------+---------+-------+---------+---------+-------
      Total |      16 |       0 |   0.0 |       3 |       0 |   0.0
            +---------+---------+-------+---------+---------+-------
        D:4 |       5 |       0 |   0.0 |       2 |       0 |   0.0
        D:5 |      11 |       0 |   0.0 |       1 |       0 |   0.0
            +---------+---------+-------+---------+---------+-------

Illustrated notes

Table legend:
 A = Kills in this place as a percentage of kills in entire the game.
 B = Kills by you in this place as a percentage of kills by you in the entire game.
 C = Kills by friends in this place as a percentage of kills by friends in the entire game.
 D = Other kills in this place as a percentage of other kills in the entire game.
 E = Experience gained in this place as a percentage of experience gained in the entire game.
 F = Experience gained in this place divided by the number of levels of this place that you have seen.
                   A       B       C       D       E      F
               +-------+-------+-------+-------+-------+----------------------
         Total | 100.0 | 100.0 |   N/A |   N/A | 100.0 |   8.0
       Dungeon | 100.0 | 100.0 |   N/A |   N/A | 100.0 |   8.0
               +-------+-------+-------+-------+-------+----------------------

Table legend: (Time is in decaauts)
 A = Elapsed time spent in this place.
 B = Non-inter-level travel time spent in this place.
 C = Inter-level travel time spent in this place.
 D = Time resting spent in this place.
 E = Time spent auto-exploring this place.
 F = Levels seen in this place.
 G = Mean time per level.
                   A        B        C        D        E       F      G
               +--------+--------+--------+--------+--------+-----+--------+
         Total |    387 |    356 |     31 |    132 |    172 |   2 |  193.5 |
       Dungeon |    387 |    356 |     31 |    132 |    172 |   2 |  193.5 |
               +--------+--------+--------+--------+--------+-----+--------+

Top non-repeatable levels by time:
     D:4: 347 daAuts
     D:5: 40 daAuts
